 Dungeon Crawl Stone Soup version 0.31-a0-431-g88bdf31460 (webtiles) character file.

Game seed: 10878548288791039926

29 testman the Changeling (level 3, -1/16 HPs)
             Began as a Felid Shapeshifter on July 31, 2023.
             Slain by Terence
             ... wielding a +0 flail
              (7 damage)
             ... on level 3 of the Dungeon.
             The game lasted 00:04:12 (1558 turns).

testman the Changeling (Felid Shapeshifter)         Turns: 1558, Time: 00:04:12

Health: -1/16      AC:  1    Str: 13    XL:     3   Next: 1%
Magic:  4/4        EV: 18    Int:  9    God:
Gold:   146        SH:  0    Dex: 16    Spells: 2/2 levels left
                                        Lives:  0   Deaths: 1

rFire   . .          .
                       - Unarmed
rCold   . . .        (shield unavailable)
rNeg    . . .        (body armour unavailable)
rPois   +            (helmet unavailable)
rElec   .            (cloak unavailable)
rCorr   .            (gloves unavailable)
SInv    +            (boots unavailable)
Will    .....        (no amulet)
Stlth   +            c - ring of poison resistance
HPRegen 0.22/turn    (no ring)
MPRegen 0.09/turn

%: no passive effects
@: beast-form, quick
A: beast (slay +2), very small, claws 1, fangs 3, see invisible, speed 1, shaggy
fur 1, stealthy paws, no weapons or thrown items, no armour, multi-lived
a: Begin Untransformation


You were on level 3 of the Dungeon.
You were a hulking beast.
You visited 1 branch of the dungeon, and saw 3 of its levels.

You collected 146 gold pieces.

Inventory:

Jewellery
 c - a ring of poison resistance (left paw)
Talismans
 b - a beast talisman (active)
Scrolls
 e - a scroll of teleportation {unknown}
 f - a scroll of blinking {unknown}
 g - 7 scrolls of identify {unknown}
 h - a scroll of immolation {unknown}
 l - a scroll of vulnerability {unknown}
Potions
 a - 2 potions of lignification
 d - a potion of mutation {unknown}
 i - a potion of might {unknown}
 j - a potion of invisibility {unknown}
 k - a potion of curing {unknown}


   Skills:
 + Level 2.0 Fighting
 + Level 3.7 Dodging
 + Level 3.5 Unarmed Combat
 + Level 3.7 Shapeshifting


You had 2 spell levels left.
You didn't know any spells.
Your spell library contained the following spells:

 Spells                   Type           Power      Damage    Failure   Level
 Kiss of Death            Conj/Necr      0%         2d5       38%         1
 Confusing Touch          Hex            0%         N/A       77%         3
 Gell's Gravitas          Tloc           0%         N/A       77%         3
 Teleport Other           Tloc           0%         N/A       77%         3
 Dispel Undead            Necr           0%         3d6       99%         4
 Dispersal                Tloc           0%         N/A       100%        6


Dungeon Overview and Level Annotations

Branches:
Dungeon (3/15)

Altars:

Shops:
D:1 (

Annotations:
D:2 1 runed translucent door, Crazy Yiuf
D:3 Natasha, Terence


Innate Abilities, Weirdness & Mutations

You are a hulking beast.
Your limbs bulge with bestial killing power. (Slay +2)
You have sharp claws.
You have razor-sharp teeth.
You have supernaturally acute eyesight. (SInv)
You cover ground quickly. (Speed+)
You are covered in fur. (AC +1)
Your paws help you pounce on unaware monsters.
You are incapable of wielding weapons or throwing items.
You cannot wear armour.
You gain extra lives every three experience levels.


Message History

Terence is moderately wounded.
Terence closely misses you.
You scratch Terence. You bite Terence.
Terence is heavily wounded.
Terence completely misses you. Natasha claws you.
You die...
Your shape twists and changes as you die.
You are now level 3!
You rejoin the land of the living...
Found 4 stones.
You see here 4 stones.
The frilled lizard completely misses you.
You scratch the frilled lizard but do no damage.
The frilled lizard bites you.
You claw the frilled lizard!
You kill the frilled lizard!
No target in view!
A ball python comes into view.
The ball python hisses angrily.
Terence barely misses you.
You scratch Terence.
Terence is heavily wounded.
Terence hits you with a +0 flail.
You scratch Terence but do no damage.
Terence is heavily wounded.
The ball python misses you. The ball python barely misses you.
You scratch Terence but do no damage.
Terence is heavily wounded.
The ball python barely misses you. The ball python grabs you.
The ball python constricts you. Terence closely misses you.
The ball python closely misses you. The ball python constricts you.
You are too injured to fight recklessly!
You barely miss the ball python.
Terence shouts, "Get ready for death!"
Terence hits you with a +0 flail. The ball python closely misses you.
The ball python constricts you.
You scratch the ball python.
You kill the ball python!
Terence hits you with a +0 flail!
You die...

..# ....##..### #.####
#### #..#.## #....# ...#
#...# #.##.### .#.# ##
##.## #.##(..## ##...#
.. ####..# ..####..#
#... .# ###.....#
#.......###.##
.##.....###.#
######.......####@...###
#.## # ###.##.....h†.#
#..### #
##.##.##...>......
##...#
#..#..##.#.######. ###..
#..#........# ###
#...........#
##...#.......#
#............# ..##
#...#........# #...
######.###........###
####


You could see Terence.

Vanquished Creatures
  2 adders (D:2)
  2 worms
  A dart slug (D:3)
  An orc (D:3)
  6 bats
  2 endoplasms (D:1)
  4 giant cockroaches
  3 goblins
  2 hobgoblins
  A kobold (D:2)
  2 quokkas
  5 ball pythons
  4 frilled lizards
  8 rats
43 creatures vanquished.

Notes
Turn   | Place    | Note
-------+----------+-------------------------------------------
     0 | D:1      | testman the Felid Shapeshifter began the quest for the Orb.
     0 | D:1      | Reached XP level 1. HP: 9/9 MP: 2/2
   147 | D:1      | Found a faded altar of an unknown god.
   167 | D:1      | Reached XP level 2. HP: 12/12 MP: 3/3
   377 | D:1      | Found Wyipewil's Weapon Shop.
   643 | D:2      | Reached XP level 3. HP: 15/15 MP: 4/4
   964 | D:2      | Found a runed translucent door.
   965 | D:2      | Noticed Crazy Yiuf
  1471 | D:3      | Reached XP level 4. HP: 19/19 MP: 5/5
  1499 | D:3      | Noticed Terence
  1504 | D:3      | Noticed Natasha
  1507 | D:3      | Slain by Natasha
  1508 | D:3      | Reached XP level 3. HP: 0/16 MP: 4/4
  1558 | D:3      | Slain by Terence

Illustrated notes

Levels and vault maps discovered:
D:1:      tarquinn_simple_flora_water_c, layout_basic,
          chequers_ecumenical_altar_island, serial_shops, shop
D:2:      layout_loops_ring, amcnicky_mini_rare_corridor_liquid,
          uniq_crazy_yiuf_cottage
D:3:      layout_rooms, nicolae_overflow_hidden_temple, uniq_natasha,
          uniq_terence

Skill      XL: |  1  2  3 |
---------------+----------+-----
Dodging        | 3 |  3.7
Fighting       | 2 |  2.0
Unarmed Combat | |  3.5
Shapeshifting  | |  3.7

Action                     |  1- 3 |  4- 6 || total
---------------------------+-------+-------++-------
  Melee: Unarmed           |    99 |     5 ||   104
         Bite              |     6 |     3 ||     9
         Punch             |     4 |       ||     4
   Stab: Sleeping          |     4 |       ||     4
 Armour: Skin              |     6 |       ||     6
  Dodge: Dodged            |    79 |     4 ||    83

Table legend: (Time is in decaauts)
 A = Elapsed time spent in this place.
 B = Non-inter-level travel time spent in this place.
 C = Inter-level travel time spent in this place.
 D = Time resting spent in this place.
 E = Time spent auto-exploring this place.
 F = Levels seen in this place.
 G = Mean time per level.
                   A        B        C        D        E       F      G
               +--------+--------+--------+--------+--------+-----+--------+
         Total |   1283 |   1248 |     35 |      0 |    984 |   3 |  427.7 |
       Dungeon |   1283 |   1248 |     35 |      0 |    984 |   3 |  427.7 |
               +--------+--------+--------+--------+--------+-----+--------+

Top non-repeatable levels by time:
     D:2: 572 daAuts
     D:1: 463 daAuts
     D:3: 247 daAuts
